[Event "Romanian Superleague 2022"]
[Site "Oradea"]
[Date "2022.09.28"]
[Round "8.23"]
[White "Anton, Teodor"]
[Black "Nevednichy, Vladislav"]
[Result "0-1"]
[ECO "E62"]
[WhiteElo "2454"]
[BlackElo "2472"]
[Annotator "TA"]
[PlyCount "114"]
[EventDate "2022.09.21"]
[EventType "team-tourn"]
[EventCountry "ROU"]
[SourceTitle "playchess.com"]
[Source "ChessBase"]
[SourceQuality "1"]
[TimeControl "40/5400+30:1800+30"]

1. d4 Nf6 2. c4 d6 3. Nf3 g6 4. g3 Bg7 5. Bg2 O-O 6. O-O c6 7. Nc3 Bf5 $1 {[%emt 0:00:03][%mdl 4] now scores much better than the old 7...Qa5.} 8. Nh4 Be6 9. d5 Bd7 {[%emt 0:00:04] E62: King's Indian: Fianchetto: 6...c6 and Panno Variation (6...Nc6) without ...a6.} 10. e4 Na6 11. Nf3 cxd5 {[%emt 0:15:16] The position is equal.} 12. cxd5 Ng4 {[%emt 0:06:43] [#]} 13. Bf4 $146 ({Predecessor:} 13. Nd4 Rc8 14. Nce2 Qb6 15. h3 Nf6 16. Rb1 Nc5 17. f3 Na4 18. Be3 Qa5 19. Bd2 {0-1 (52) Jirka,J (2411)-Golod,V (2565) Israel 2013}) 13... Qb6 14. Qd2 Rfc8 15. h3 Ne5 16. Nxe5 Bxe5 17. Bxe5 dxe5 18. h4 Nc7 19. h5 Ne8 20. hxg6 hxg6 21. Rab1 Kg7 22. Rfe1 Nd6 23. Bf1 f6 24. Kg2 Rh8 25. Qe3 $1 Qxe3 {[%emt 0:20:02] Black has more active pieces.} 26. Rxe3 Rac8 27. Bd3 Rc7 28. Ree1 Rhc8 29. f4 b5 30. a3 a5 31. Rec1 e6 32. fxe5 fxe5 33. dxe6 Bxe6 34. Re1 b4 35. axb4 axb4 36. Nd5 Bxd5 37. exd5 Re8 {[%emt 0:00:56] ...e4 is the strong threat.} 38. Rbc1 Rxc1 39. Rxc1 $11 {[%emt 0:00:02][%mdl 4096] Endgame KRB-KRN} e4 40. Be2 Kf6 {[%emt 0:00:00] [#] Strongly threatening ...Ke5.} 41. Rc6 Ke5 42. Rb6 $1 Rc8 {[%emt 0:00:21] And now ...Rc2 would win.} 43. Rxb4 Rc2 44. Kf1 (44. Kf2 $1 $11) 44... Nf5 $19 ({And not} 44... Kxd5 45. g4 $15) 45. Bd1 $2 (45. Ba6) 45... Nxg3+ 46. Ke1 Rg2 {[%emt 0:00:59] [#] ( -> ...e3). Black is clearly winning.} 47. Bg4 (47. Rb3 $142 Kxd5 48. Rb8) 47... e3 (47... Nf5 $2 48. d6 Nxd6 49. Bd7 $19) 48. Kd1 e2+ 49. Bxe2 Nxe2 {[%emt 0:00:07] KRN-KR} ({Not} 49... Rxe2 50. Rg4 $11) 50. d6 Kxd6 51. Re4 Ng3 52. Re8 Nf5 53. b4 Rb2 54. Rb8 Kc7 55. Rb5 Nd4 56. Rc5+ Kd6 57. Rc4 Ke5 {[%emt 0:18:20] Weighted Error Value: White=0.34/Black=0.05 (flawless)} 0-1

[Event "Romanian Superleague 2022"]
[Site "Oradea"]
[Date "2022.09.28"]
[Round "8.24"]
[White "Stoleriu, George"]
[Black "Antal, Hunor-Zoltan"]
[Result "1-0"]
[ECO "B53"]
[WhiteElo "2392"]
[BlackElo "2235"]
[Annotator "TA"]
[PlyCount "87"]
[EventDate "2022.09.21"]
[EventType "team-tourn"]
[EventCountry "ROU"]
[SourceTitle "playchess.com"]
[Source "ChessBase"]
[SourceQuality "1"]
[TimeControl "40/5400+30:1800+30"]

1. e4 c5 2. Nf3 d6 3. d4 cxd4 4. Qxd4 Nf6 5. h3 Nc6 6. Qe3 {[%emt 0:00:41] B53: Sicilian: 2...d6: Lines with Qxd4.} (6. Bb5 {looks sharper.} e6 7. O-O Qc7 8. Rd1) 6... g6 7. Be2 Bg7 8. O-O {[%emt 0:00:04] The position is equal.} O-O 9. Rd1 Qc7 10. Nc3 a6 11. a3 b5 12. Qf4 {[%emt 0:03:05] [#]} Bb7 $146 ({Predecessor:} 12... Rb8 13. Qh4 b4 14. axb4 Nxb4 15. Bh6 Nxc2 16. Rac1 Rxb2 17. Nd5 Nxd5 18. exd5 Qb7 {1-0 (40) Gutenev,A (2420)-Remizov,Y (2415) Cheliabinsk 2021}) 13. Qh4 Na5 14. Bh6 Nc4 15. Bxc4 Qxc4 16. Bxg7 Kxg7 17. Nd2 Qc7 18. Rac1 Rac8 19. Qf4 e5 20. Qe3 Qc5 21. Qxc5 Rxc5 22. Nb3 Rxc3 {[%emt 0:00:25] White stays focused until the end.} 23. bxc3 Nxe4 24. Na5 Ba8 25. c4 Nc3 {[%emt 0:00:30] aiming for ...Ne2+.} 26. Rd2 {[%emt 0:00:36] Against Ne2+} f6 27. Re1 Rd8 28. Rd3 Ne4 29. cxb5 axb5 {[%emt 0:00:01] [#]} 30. f3 $1 Nc5 31. Rc3 Kf7 32. Rb1 Rb8 33. Rc4 Bd5 (33... bxc4 $16 34. Rxb8 Bd5) 34. Rcb4 $18 Ra8 35. Rxb5 Be6 36. Nb7 Na4 37. Nxd6+ {[%emt 0:00:18] White is clearly winning.} Ke7 38. Ne4 f5 39. Rb7+ Bd7 40. Rd1 Rd8 {[%emt 0:00:00] [#]} 41. Nf6 Kxf6 (41... Nc5 42. Rb6) 42. Rdxd7 Rc8 43. Rdc7 Rd8 44. Rb4 {[%emt 0:00:39] Weighted Error Value: White=0.05 (flawless) /Black=0.24 (precise)} 1-0

[Event "Romanian Superleague 2022"]
[Site "Oradea"]
[Date "2022.09.28"]
[Round "8.25"]
[White "Sumets, Andrey"]
[Black "Kozak, Adam"]
[Result "1/2-1/2"]
[WhiteElo "2513"]
[BlackElo "2516"]
[Annotator "TA"]
[PlyCount "32"]
[EventDate "2022.09.21"]
[EventType "team-tourn"]
[EventCountry "ROU"]
[SourceTitle "playchess.com"]
[Source "ChessBase"]
[SourceQuality "1"]
[TimeControl "40/5400+30:1800+30"]

1. d4 d5 2. c4 e6 3. Nf3 Nf6 4. Nc3 dxc4 5. e3 a6 6. a4 b6 {[%emt 0:00:09] The position is equal. D24: Queen's Gambit Accepted: 3 Nf3 Nf6 4 Nc3.} 7. Bxc4 Bb7 8. O-O Bb4 9. Qe2 O-O 10. Rd1 {[%emt 0:00:19] [#] Not much happened in this game.  Weighted Error Value: White=0.09 (flawless) /Black=0.05 (flawless)} {Predecessor:} Qe7 $146 11. Bd3 c5 12. Na2 Nc6 13. Nxb4 Nxb4 14. b3 Nxd3 15. Rxd3 Be4 16. Rd1 Rfc8 {0-1 (71) Carlsen,M (2847)-So,W (2770) chess24.com INT 2021} 1/2-1/2

[Event "Romanian Superleague 2022"]
[Site "Oradea"]
[Date "2022.09.28"]
[Round "8.26"]
[White "Petkov, Momchil"]
[Black "Cioara, Andrei-Nestor"]
[Result "1-0"]
[ECO "B38"]
[WhiteElo "2511"]
[BlackElo "2407"]
[Annotator "TA"]
[PlyCount "105"]
[EventDate "2022.09.21"]
[EventType "team-tourn"]
[EventCountry "ROU"]
[SourceTitle "playchess.com"]
[Source "ChessBase"]
[SourceQuality "1"]
[TimeControl "40/5400+30:1800+30"]

1. e4 c5 2. Nf3 g6 3. c4 Bg7 4. d4 cxd4 5. Nxd4 Nc6 6. Be3 Nf6 7. Nc3 d6 8. Be2 O-O 9. O-O Bd7 10. h3 Nxd4 11. Bxd4 Bc6 12. Qc2 {[%emt 0:00:26] B38: Sicilian: Maroczy Bind with 5...Bg7 and 7...0-0.} a5 13. Rad1 Nd7 14. Bxg7 {[%emt 0:00:20] White is slightly better.} Kxg7 15. Bg4 Ne5 16. c5 Nxg4 17. hxg4 Qc8 18. cxd6 Qxg4 19. dxe7 Rfe8 20. Nd5 Bxd5 {[%emt 0:00:08][%mdl 64] Remove Defender} 21. exd5 {[%emt 0:00:19][%cal Be4d5,Bd5d6][%mdl 32] [#]} Rac8 $146 {[%emt 0:12:29] Prevents Qc3+.} ({Predecessor:} 21... Rxe7 22. d6 Rd7 23. Qc3+ Kg8 24. Rfe1 Qg5 25. Re5 Qd8 26. Qd4 Qf8 27. a4 Rad8 {½-½ (60) Palliser,R (2422)-Gormally,D (2494) Bournemouth 2016}) 22. Qd2 Rxe7 23. d6 Rd7 ({Much less strong is} 23... Re2 24. Qxa5 Qd7 25. Rfe1 Rxe1+ 26. Qxe1 $16) 24. Qxa5 Qf4 {[%emt 0:00:04] Inhibits Qe5+.} 25. Qb5 Rc6 26. b3 h5 27. Rd3 Rcxd6 28. Qxd7 Rxd7 29. Rxd7 $11 {[%emt 0:00:06][%mdl 4096] Endgame KQ-KRR} h4 30. Re1 b6 31. Re3 {[%emt 0:13:11] Threatens to win with Rf3.} Kh6 32. a4 Qf6 33. Ree7 Qa1+ $1 34. Kh2 f6 (34... f5 $1 $11 {remains equal.}) 35. Re4 {[%emt 0:01:42] White is more active.} Qb2 36. Rxh4+ Kg5 37. Rh3 {[%emt 0:05:41] Black must now prevent Rg3+.} Qxf2 38. Rg3+ Kh6 39. Rh3+ Kg5 40. Rg7 {[%emt 0:00:00] Intending Rg3+ and mate.} Qe2 41. Rg3+ Kf4 42. Rf3+ Kg5 43. Rg3+ Kf4 44. Rg8 f5 45. Rc8 Qh5+ 46. Rh3 Qe2 (46... Qd1 $11) 47. Rf3+ $1 $16 ({Much weaker is} 47. Rc6 g5 $11) 47... Kg5 48. Rc6 $1 Qd1 $2 {[%emt 0:10:55] Black cannot hold the game after this.} (48... f4 $16 {was called for.} 49. Rxb6 Kf5 50. Rb5+ Kg4) 49. Rxb6 $18 f4 {[%emt 0:00:21] [#]} 50. Rb4 {[%emt 0:01:11] Prevents Qd4.} Kh5 (50... Qd8 $142 51. Rbxf4 Qh8+ 52. Rh3 Qe5) 51. Rbxf4 {[%emt 0:00:58] White threatens Rg3 and mate.} g5 (51... Qd6 $18) 52. g4+ Kg6 {[%emt 0:00:23] [#]} 53. Rf7 $1 {[%emt 0:00:42] Weighted Error Value: White=0.03 (flawless) /Black=0.33} 1-0

[Event "Romanian Superleague 2022"]
[Site "Oradea"]
[Date "2022.09.28"]
[Round "8.27"]
[White "Stepanencu, Nicodim-Cosmin"]
[Black "Bonte, Andrei-Mihai"]
[Result "1/2-1/2"]
[ECO "C67"]
[WhiteElo "2289"]
[BlackElo "2339"]
[Annotator "TA"]
[PlyCount "127"]
[EventDate "2022.09.21"]
[EventType "team-tourn"]
[EventCountry "ROU"]
[SourceTitle "playchess.com"]
[Source "ChessBase"]
[SourceQuality "1"]
[TimeControl "40/5400+30:1800+30"]

1. e4 e5 2. Nf3 Nc6 3. Bb5 Nf6 4. O-O Nxe4 5. Re1 Nd6 6. Nxe5 Be7 7. Bf1 O-O {[%emt 0:04:19] C67: Ruy Lopez: Berlin Defence: 4 0-0 Nxe4.} 8. Nf3 Nf5 9. d4 d5 {[%emt 0:00:30] White is slightly better.} 10. c3 Bd6 11. g3 {[%emt 0:02:04] [#]} g6 $146 ({Predecessor:} 11... Re8 12. Rxe8+ Qxe8 13. Bg2 Nfe7 14. Nbd2 f6 15. Nf1 Qf7 16. h4 h5 17. Ne3 Be6 {1-0 (66) Dragun,K (2574)-Bruzon Batista,L (2644) Chess.com INT 2020}) 12. a4 Nce7 13. a5 f6 14. b4 Bd7 15. a6 b6 16. b5 Ng7 (16... Rc8 $11 {was preferrable.}) 17. Qb3 Bg4 18. Bg2 {[%emt 0:00:35] White is more active.} Qd7 19. Nbd2 (19. Bb2 $5 ) 19... Kh8 20. Nf1 c6 21. bxc6 Qxc6 22. Ba3 Be6 23. N3d2 Rad8 24. Ne3 Bxa3 25. Qxa3 Qd7 26. Nc2 Rfe8 27. Qa2 Nc6 28. Ne3 Na5 ({Black should play} 28... Ne7 $11) 29. Nb3 (29. c4 $14) 29... Nxb3 30. Qxb3 Bf7 31. Nc2 Ne6 32. Nb4 Nc7 33. Qb2 Rxe1+ 34. Rxe1 Re8 35. Rxe8+ Qxe8 36. Bf3 Kg7 37. Kg2 Qa4 38. Qe2 {[%emt 0:00:24] [#] Black must now prevent Qe7.} Qd7 {[%emt 0:01:10] Inhibits Qe7.} 39. h4 h5 (39... Be6 {looks sharper.} 40. g4 Qd6 41. g5 Qf4) 40. Qe3 Qd6 41. Kh2 b5 42. Qe2 Nxa6 43. Qxb5 Nxb4 44. cxb4 $11 {[%emt 0:00:10][%mdl 4096] Endgame KQB-KQB} Qe6 45. Qb7 a6 46. Kg2 Kh6 47. Qb8 {[%emt 0:00:18][%cal Rb8h8] [#]} Kg7 {[%emt 0:00:08] Inhibits Qh8+.} 48. Qc7 Kh6 49. Qd8 Kg7 {[%emt 0:00:07] Against Qh8+} 50. Kf1 Qc6 51. Kg2 Qe6 {[%emt 0:00:13] Inhibits Be2.} 52. Qc7 Kh6 53. Qc5 Kg7 {[%emt 0:00:21] Prevents Qf8+.} 54. Qc7 Kh6 55. Qf4+ Kg7 56. Qe3 Qd6 57. Qa3 Qe6 58. Kf1 Be8 {[%emt 0:00:40] The position is equal.} 59. Qe3 Bb5+ 60. Ke1 Qd6 61. Qc3 Bc4 62. Kd2 Qd7 63. Be2 Bxe2 64. Kxe2 {[%emt 0:00:01] Weighted Error Value: White=0.08 (flawless) /Black=0.07 (flawless)} 1/2-1/2

[Event "Romanian Superleague 2022"]
[Site "Oradea"]
[Date "2022.09.28"]
[Round "8.28"]
[White "Gilea, Lucian"]
[Black "Vajda, Albert"]
[Result "1/2-1/2"]
[WhiteElo "2278"]
[BlackElo "2305"]
[Annotator "TA"]
[PlyCount "18"]
[EventDate "2022.09.21"]
[EventType "team-tourn"]
[EventCountry "ROU"]
[SourceTitle "playchess.com"]
[Source "ChessBase"]
[SourceQuality "1"]
[TimeControl "40/5400+30:1800+30"]

1. d4 Nf6 2. Nf3 e6 3. g3 b5 4. Bg2 Bb7 5. O-O c5 6. c3 Be7 7. Re1 {[%emt 0:05:32] A46: 1 d4 Nf6 2 Nf3 e6: Torre, London and Colle Systems.} O-O 8. Qd3 {[%emt 0:06:11] [#]} a6 $146 ({Predecessor:} 8... c4 9. Qc2 Be4 10. Qd1 d5 11. Nbd2 Bg6 12. Ne5 Nbd7 13. Nxg6 hxg6 14. e4 dxe4 15. Nxe4 Nxe4 16. Bxe4 {½-½ (45) Kovanova,B (2367)-Szczepkowska,K (2419) Riadh 2017}) 9. Nbd2 cxd4 {[%emt 0:02:32] An uneventful encounter.  Weighted Error Value: White=0.20 (precise) /Black=0.06 (flawless)} 1/2-1/2

[Event "Romanian Superleague 2022"]
[Site "Oradea"]
[Date "2022.09.28"]
[Round "8.29"]
[White "Balla, Tamas-Kristof"]
[Black "Ognean, Mihnea-Ionut"]
[Result "1/2-1/2"]
[ECO "D00"]
[WhiteElo "2325"]
[BlackElo "2303"]
[Annotator "TA"]
[PlyCount "66"]
[EventDate "2022.09.21"]
[EventType "team-tourn"]
[EventCountry "ROU"]
[SourceTitle "playchess.com"]
[Source "ChessBase"]
[SourceQuality "1"]
[TimeControl "40/5400+30:1800+30"]

1. d4 Nf6 2. Nc3 d5 3. Bf4 a6 4. e3 e6 5. Nf3 c5 6. Ne5 {[%emt 0:00:14] D00: 1 d4 d5: Unusual lines.} Nfd7 7. Nf3 Nc6 8. Be2 {[%emt 0:00:46] [#] Black has an edge.} b5 $146 ({Predecessor:} 8... Be7 9. O-O g5 10. Bg3 g4 11. Nd2 h5 12. e4 Nxd4 13. exd5 h4 14. Bf4 e5 {0-1 (26) Martinez,M (1648)-De Gouveia,P (1811) LSS email 2017}) 9. e4 Nf6 (9... dxe4 {feels hotter.} 10. Nxe4 Bb7 11. d5 exd5 12. Qxd5 Nde5) 10. exd5 Nxd5 (10... exd5 {keeps more tension.} 11. O-O Be6 12. a3 Bd6) 11. Nxd5 Qxd5 12. dxc5 (12. a4 {looks sharper.} b4 13. dxc5 Bxc5 14. Qxd5 exd5 15. O-O) 12... Qxd1+ 13. Rxd1 Bxc5 14. Ne5 (14. Ng5 $5 ) 14... Nxe5 (14... Nd4 {feels hotter.} 15. Bd3 f6 16. Be4 Ra7) 15. Bxe5 Bb7 16. Bd4 Rc8 {[%emt 0:02:50] And now ...Bxd4 would win.} 17. c3 Be7 18. f4 Rg8 19. O-O Bd5 20. Ra1 g6 (20... Bc5 $11) 21. a4 (21. b4 $14 {deserves consideration.}) 21... Bc4 $11 22. Rf2 Bxe2 23. Rxe2 b4 24. Kf2 Bd6 25. Kf3 Ke7 26. g4 bxc3 27. bxc3 Kd7 28. Rb2 Rb8 29. Rab1 (29. Rd2 $5 Kc6 30. Bf6 $14) 29... Rxb2 {[%emt 0:00:06] The position is equal.} 30. Rxb2 Rb8 {[%emt 0:02:33] Prevents Rb7+.} 31. Rxb8 Bxb8 32. g5 Kc6 {[%emt 0:01:00] [#] Hoping for ...Kd5.} 33. Ke4 Bd6 {[%emt 0:00:05] Weighted Error Value: White=0.07 (flawless) /Black=0.08 (flawless)} 1/2-1/2

[Event "Romanian Superleague 2022"]
[Site "Oradea"]
[Date "2022.09.28"]
[Round "8.30"]
[White "Ileana, George"]
[Black "Doncea, Vladimir"]
[Result "0-1"]
[ECO "B40"]
[WhiteElo "2301"]
[BlackElo "2342"]
[Annotator "TA"]
[PlyCount "85"]
[EventDate "2022.09.21"]
[EventType "team-tourn"]
[EventCountry "ROU"]
[SourceTitle "playchess.com"]
[Source "ChessBase"]
[SourceQuality "1"]
[TimeControl "40/5400+30:1800+30"]

1. e4 c5 2. Nf3 e6 3. d4 cxd4 4. Nxd4 Qb6 5. Nc3 Bc5 6. Be3 Nc6 $1 7. Ndb5 {[%emt 0:08:08] B40: Sicilian: 2...e6, Unusual lines.} (7. Nxc6 Bxe3 8. fxe3 Qxe3+ 9. Qe2 Qxe2+ 10. Bxe2 bxc6 $15) (7. Na4 $5 Qa5+ 8. c3 Bxd4 9. Bxd4 $11) 7... Bxe3 8. fxe3 Qxe3+ 9. Be2 {[%emt 0:00:17] Black has an edge.} Kf8 (9... Rb8 $5 ) 10. Rf1 Nf6 11. Qd6+ Kg8 12. Rf3 Qg5 13. Rg3 Qe5 14. O-O-O a6 (14... Ne8 $11 15. Qxe5 Nxe5) 15. Qxe5 $1 $14 Nxe5 16. Nd6 {[%emt 0:00:07] Threatens to win with Na4.} b5 {[%emt 0:04:36] Prevents Na4.} ({Black should play} 16... Rb8 $1 $14) 17. Rf1 $36 {[%emt 0:02:15][%mdl 3072] White has strong compensation. Black is under strong pressure.} Kf8 18. Rg5 Nc6 {[%emt 0:00:15] [#]} 19. Rc5 $146 {[%emt 0:01:55] Hoping for e5.} ({Predecessor:} 19. e5 h6 20. exf6 hxg5 21. fxg7+ Kxg7 22. Rxf7+ Kg6 23. Bd3+ Kh5 24. Nce4 Ne5 25. Be2+ {0-1 (73) Pratihba,Y (2229)-Ibrayev,N (2427) Tagaytay City 2004}) 19... e5 $2 (19... b4 $16) 20. Nd5 $18 Rb8 {[%emt 0:00:06] [#]} 21. g4 (21. Nxf6 gxf6 22. Rxf6 Ke7 $18) (21. Bh5 $142 $1 ) 21... h6 22. h4 {[%emt 0:00:04] Black must now prevent g5.} (22. Nxf6 $6 gxf6 23. Rxf6 Ke7 24. Rxh6 (24. Nxf7 $2 Kxf6 25. Nxh8 Bb7 $19) (24. g5 hxg5 25. Rh6 Rxh6 $17) 24... Rxh6 $16) 22... Bb7 23. c3 {[%emt 0:02:31] Inhibits Nd4.} (23. Nxf6 gxf6 24. Rxf6 Ke7 $16) (23. g5 $18 hxg5 24. hxg5) 23... Nd8 $16 24. Nxf6 (24. Nc7 $142 $1) 24... gxf6 25. Rxf6 Kg7 $2 (25... Ke7 $16 26. g5 hxg5 27. hxg5 Ne6 28. Nf5+ Kd8 29. Rxe5 Rh2) 26. g5 $18 hxg5 27. hxg5 Rh1+ 28. Bd1 Rg1 (28... Ne6 $142 29. Rxf7+ Kg8 30. Rxe5 Bc6) 29. Rf5 $2 (29. Rxe5 $18 {and the rest is easy. White threatens Nf5+ and mate.} Rxg5 30. Ne8+ Kf8 31. Rxg5) 29... Ba8 (29... b4 $16 {was worth a try.}) 30. Rcxe5 Rb6 31. Rf6 {[%emt 0:01:41] And now Nf5+ would win.} Ne6 $2 (31... Rxd6 32. Rxd6 Bc6) 32. Rxf7+ Kg6 33. Rxd7 Nxg5 34. Rd8 Kf6 35. Ree8 {[%emt 0:00:58] e5+ would kill now.} (35. Rf5+ Ke7 $16) 35... Ne6 {[%emt 0:00:20] [#]} 36. Rd7 ({And not} 36. Rxa8 Rxd6 37. Kc2 (37. e5+ $2 Kxe5 38. Kc2 Rgxd1 $17) 37... Rgxd1 38. Rxa6 Rxa6 $17) (36. Nc8 $1 $18) 36... Bc6 $15 37. Ree7 ({Reject} 37. Rf7+ Ke5 38. Rfe7 Bxe8 39. Nxe8 b4 $17) ({White should try} 37. Rh7 $15 Bxe8 38. Nxe8+ Ke5 39. Re7) 37... Bxd7 $17 38. Rxd7 Nc5 39. Ne8+ Ke6 40. Rd4 {[%emt 0:00:00] [#]} (40. Rh7 $15 Rc6 41. Rh6+ Kd7 42. Nf6+ Kc8 43. Rh8+ Kb7 44. Rh7+ Rc7 45. Rxc7+ Kxc7 46. Kd2) 40... Rc6 $1 $19 {[%emt 0:00:00] ...Ke7 is the strong threat.} 41. Kd2 $2 (41. e5) 41... Ke7 42. Bh5 Rg5 43. Rd5 {[%emt 1:04:05] Weighted Error Value: White=0.63/Black=0.46} 0-1